 Dungeon Crawl Stone Soup version 0.22.0-38-g04b72b8 (webtiles) character file.

4937 iamserjio the Grappler (level 10, -2/92 HPs)
             Began as a Troll Fighter on Aug 25, 2018.
             Was a Priest of Cheibriados.
             Slain by an orc
             ... wielding a +0 trident
              (8 damage)
             ... on level 10 of the Dungeon.
             The game lasted 00:15:49 (2620 turns).

iamserjio the Grappler (Troll Fighter)              Turns: 2620, Time: 00:15:50

Health: -2/92      AC:  5    Str: 33      XL:     10   Next: 28%
Magic:  11/11      EV:  7    Int: 14      God:    Cheibriados [***...]
Gold:   474        SH:  0    Dex: 15 (16) Spells: 9/9 levels left

rFire    . . .     SeeInvis .     - Unarmed
rCold    + . .     Gourm    +   e - +0 large shield
rNeg     . . .     Faith    .   a - +0 robe
rPois    +         Spirit   .   (helmet restricted)
rElec    .         Reflect  .   (no cloak)
rCorr    .         Harm     .   (gloves unavailable)
MR       .....                  (boots unavailable)
Stlth    +.........             (no amulet)
HPRegen  0.65/turn              k - ring of poison resistance
MPRegen  0.12/turn              p - ring of protection from cold

@: confused, very slow
A: large, unfitting armour, claws 3, fast metabolism 3, gourmand, regeneration
1, shaggy fur 1, tough skin 2
a: Bend Time, Temporal Distortion, Renounce Religion


You were on level 10 of the Dungeon.
You worshipped Cheibriados.
Cheibriados was most pleased with you.
You were not hungry.

You visited 2 branches of the dungeon, and saw 11 of its levels.

You collected 474 gold pieces.

Inventory:

Hand Weapons
 v - a +4 trident of freezing
 z - a cursed -3 morningstar
 C - a +1 morningstar of crushing
 F - a +2 morningstar of draining
Missiles
 h - 20 javelins (quivered)
 t - 5 throwing nets {!f}
Armour
 a - a +0 robe (worn)
 b - a +0 shield
 e - a +0 large shield (worn)
Jewellery
 k - a ring of poison resistance (left claw)
 p - a ring of protection from cold (right claw)
Wands
 w - a wand of random effects (22)
 y - a wand of digging (10)
 A - a wand of flame (24)
 D - a wand of polymorph (5)
 G - a wand of enslavement (8)
Scrolls
 g - 3 scrolls of fear
 i - a scroll of teleportation
 n - 2 scrolls of enchant weapon
 o - 2 scrolls of fog
 q - 2 scrolls of remove curse {@r2}
 r - a scroll of silence
 B - 2 scrolls of identify {@r1}
Potions
 c - 2 potions of might
 f - 2 potions of invisibility
 l - 2 potions of curing {unknown}
 m - 2 potions of agility {unknown}
 s - a potion of haste {unknown}
 u - a potion of flight {unknown}
 x - a potion of mutation {unknown}
 E - a potion of lignification {unknown}
 H - a potion of heal wounds {unknown}
Comestibles
 d - 14 rations


   Skills:
 + Level 4.1 Fighting
 - Level 2.4 Dodging
 * Level 5.4 Shields
 + Level 12.6 Unarmed Combat
 + Level 3.5 Invocations


You had 9 spell levels left.
You didn't know any spells.
Your spell library contained the following spells:

 Spells                   Type           Power        Failure   Level  Hunger
 Flame Tongue             Conj/Fire      #....        92%         1    ##.....
 Throw Flame              Conj/Fire      #.....       98%         2    ###....
 Conjure Flame            Conj/Fire      #.......     100%        3    ####...
 Inner Flame              Hex/Fire       #.......     100%        3    ####...
 Sticky Flame             Conj/Fire      #.......     100%        4    #####..
 Fireball                 Conj/Fire      #.........   100%        5    ######.


Dungeon Overview and Level Annotations

Branches:
Dungeon (10/15)            Temple (1/1) D:6            Lair (0/6) D:10
    Orc (0/2) D:10

Altars:
Cheibriados
Gozag
Sif Muna
Vehumet
Beogh

Shops:
D:8 %


Innate Abilities, Weirdness & Mutations

You are too large for most types of armour.
You have claws for hands.
Your metabolism is lightning-fast.
You like to eat raw meat.
Your natural rate of healing is unusually fast.
You are covered in fur. (AC +1)
You have very tough skin. (AC +2)


Message History

The orc priest is moderately wounded.
You block the orc's attack. You block the orc priest's attack.
You mangle the orc priest!!
You kill the orc priest!
Cheibriados appreciates the change of pace.
You block the orc's attack. x2
You block the warg's attack. You block the warg's attack.
The orc barely misses you. You block the warg's attack.
You claw the warg!
The warg is moderately wounded.
The warg bites you.
* * * LOW HITPOINT WARNING * * *
The orc hits you from afar with a trident.
* * * LOW HITPOINT WARNING * * *
You are confused.
You feel invigorated. The warg bites you.
* * * LOW HITPOINT WARNING * * *
The orc hits you from afar with a trident!
You die...

............
...........
...../....
.......
.##.#...#
..%....o#
.....o#o# .####
#h# #@# #.# ##.#
#..# ##.## .
#..#
...####.########
...............#
[..............#


You could see a warg and 2 orcs.

Vanquished Creatures
  Harold (D:7)
  A two-headed ogre (D:8)
  Joseph (D:7)
  Eustachio (D:6)
  Duvessa (D:7)
  4 orc warriors
  2 black bears
  An ice beast (D:8)
  3 ogres
  2 sky beasts
  2 centaurs (D:9)
  Blork the orc (D:6)
  A big kobold (D:8)
  A bullfrog (D:8)
  Dowan (D:7)
  A scorpion (D:6)
  8 killer bees (D:9)
  A howler monkey (D:4)
  4 wights (D:7)
  2 crimson imps (D:8)
  A jelly (D:7)
  A quasit (D:9)
  5 orc priests
  2 hounds
  4 orc wizards
  A bullfrog skeleton (D:6)
  4 iguanas
  3 worker ants
  A hound zombie (D:8)
  A worker ant zombie (D:9)
  7 gnolls
  4 adders
  2 shadow imps
  An ooze (D:2)
  A worm (D:1)
  5 leopard geckos
  47 orcs
  A giant cockroach (D:2)
  A goblin (D:3)
  4 jackals (D:6)
  2 ball pythons (D:4)
  A bat (D:2)
  2 frilled lizards
  A jackal zombie (D:6)
  8 kobolds
  A leopard gecko skeleton (D:8)
  A quokka skeleton (D:7)
  2 rats
153 creatures vanquished.

Notes
Turn   | Place    | Note
-------+----------+-------------------------------------------
     0 | D:1      | iamserjio the Troll Fighter began the quest for the Orb.
     0 | D:1      | Reached XP level 1. HP: 22/22 MP: 0/0
   154 | D:2      | Reached XP level 2. HP: 29/29 MP: 1/1
   178 | D:2      | Reached skill level 3 in Unarmed Combat
   308 | D:3      | Reached XP level 3. HP: 33/36 MP: 2/2
   356 | D:4      | Reached skill level 4 in Unarmed Combat
   356 | D:4      | Reached XP level 4. HP: 44/44 MP: 3/3
   374 | D:4      | Reached skill level 5 in Unarmed Combat
   494 | D:4      | Reached XP level 5. HP: 47/50 MP: 4/4
   588 | D:5      | Entered Level 5 of the Dungeon
   649 | D:6      | Noticed an ogre
   658 | D:6      | Killed an ogre
   658 | D:6      | Reached skill level 6 in Unarmed Combat
   658 | D:6      | Reached XP level 6. HP: 14/59 MP: 5/5
   674 | D:7      | Found a deep blue altar of Sif Muna.
   856 | D:7      | Noticed Joseph
   872 | D:7      | Killed Joseph
   872 | D:7      | Reached skill level 8 in Unarmed Combat
   872 | D:7      | Reached XP level 7. HP: 34/66 MP: 6/6
   892 | D:7      | Noticed Harold
   899 | D:7      | Killed Harold
   899 | D:7      | Reached skill level 10 in Unarmed Combat
   899 | D:7      | Reached XP level 8. HP: 8/74 MP: 7/7
   924 | D:7      | Noticed Dowan
   927 | D:7      | Noticed Duvessa
   939 | D:7      | Killed Duvessa
   941 | D:7      | Killed Dowan
   950 | D:7      | Reached skill level 11 in Unarmed Combat
  1351 | D:6      | Noticed Blork the orc
  1358 | D:6      | Killed Blork the orc
  1358 | D:6      | Reached XP level 9. HP: 64/80 MP: 8/8
  1434 | D:6      | Noticed Eustachio
  1450 | D:6      | Killed Eustachio
  1450 | D:6      | Reached skill level 12 in Unarmed Combat
  1485 | D:6      | Found a staircase to the Ecumenical Temple.
  1494 | Temple   | Entered the Ecumenical Temple
  1503 | Temple   | Became a worshipper of Cheibriados the Contemplative
  1674 | D:8      | Reached skill level 1 in Invocations
  1685 | D:8      | Found Iruifiamo's Food Shop.
  1770 | D:8      | Noticed a two-headed ogre
  1778 | D:8      | Killed a two-headed ogre
  2030 | D:9      | Reached * piety under Cheibriados
  2144 | D:9      | Reached XP level 10. HP: 80/92 MP: 11/11
  2220 | D:9      | Reached ** piety under Cheibriados
  2319 | D:9      | Found a roughly hewn altar of Beogh.
  2327 | D:9      | Reached skill level 5 in Shields
  2433 | D:10     | Entered Level 10 of the Dungeon
  2439 | D:10     | Reached *** piety under Cheibriados
  2568 | D:10     | Found a staircase to the Lair.
  2596 | D:10     | Found a staircase to the Orcish Mines.
  2620 | D:10     | Slain by an orc

Skill      XL: |  1  2  3  4  5  6  7  8  9 10 |
---------------+-------------------------------+-----
Unarmed Combat | 3 4 5 6 8 10 11 12 | 12.6
Invocations    | 2 3 |  3.5
Shields        | 4 5 |  5.4
Fighting       | 3 4 |  4.1
Dodging        | |  2.4

Action                   |  1- 3 |  4- 6 |  7- 9 | 10-12 || total
-------------------------+-------+-------+-------+-------++-------
Melee: Unarmed           |    93 |    53 |   219 |   133 ||   498
  Use: Potion            |       |     1 |     2 |     1 ||     4
       Scroll            |       |       |     6 |       ||     6
  Eat: Chunk             |     2 |       |    12 |     5 ||    19
       Ration            |       |     1 |       |       ||     1
Armor: Robe              |    30 |     2 |    33 |    10 ||    75
Dodge: Dodged            |     9 |     6 |    23 |    22 ||    60
Block: Large shield      |    49 |    19 |   128 |   104 ||   300
